 Dungeon Crawl Stone Soup version 0.16.0-17-g811c1d7 (console) character file.

81 mauris the Grasshopper (level 4, -5/22 HPs)
             Began as a Spriggan Warper on Mar 21, 2015.
             Killed from afar by a kobold (11 damage)
             ... with a wand of magic darts
             ... on level 3 of the Dungeon.
             The game lasted 00:03:09 (1653 turns).

mauris the Grasshopper (Spriggan Warper)            Turns: 1653, Time: 00:03:09

Health: -5/22      AC:  4    Str:  7    XL:     4   Next: 20%
Magic:  15/15      EV: 18    Int: 15    God:
Gold:   121        SH:  0    Dex: 15    Spells: 2 memorised, 8 levels left

rFire  x . .     SeeInvis +     a - +0 short sword
rCold  + . .     Clarity  .     b - +2 robe {2}
rNeg   + . .     SustAb   .     (shield restricted)
rPois  .         Gourm    .     (helmet restricted)
rElec  .         Spirit   .     (no cloak)
rCorr  .         Warding  .     (gloves unavailable)
rMut   .         Stasis   .     (boots unavailable)
MR     .....                    (no amulet)
Stlth  +.........               p - ring of positive energy
                                g - ring of ice

@: very quick, not resistant to hostile enchantments, very unstealthy
A: unfitting armour, see invisible, herbivore 3, speed 3, slow metabolism 2
a: no special abilities


You were on level 3 of the Dungeon.
You were not hungry.

You visited 1 branch of the dungeon, and saw 3 of its levels.

You collected 121 gold pieces.

Inventory:

Hand weapons
 a - a +0 short sword (weapon)
Missiles
 e - a tomahawk of dispersal {!f}
 r - 13 stones (quivered)
Armour
 b - a +2 robe (worn) {2}
Jewellery
 g - a ring of ice (left hand)
 p - a ring of positive energy (right hand)
 s - an uncursed ring of poison resistance {unknown}
Scrolls
 d - a scroll of blinking
 j - a scroll of remove curse
 k - a scroll of identify {unknown}
 o - a scroll of teleportation {@r4}
Potions
 h - 2 potions of mutation {unknown}
 i - a potion of restore abilities {unknown}
 l - a potion of cancellation
 n - 2 potions of brilliance {unknown}
 q - a potion of haste {unknown}
Books
 c - a book of Spatial Translocations

   Spells                             Type                      Level
   a - Apportation                    Translocation                1
   b - Blink                          Translocation                2
   c - Shroud of Golubria             Charms/Translocation         2
   d - Portal Projectile              Translocation                3
   e - Teleport Other                 Translocation                3
   f - Passage of Golubria            Translocation                4
Comestibles
 f - a bread ration
 m - a slice of pizza


   Skills:
 - Level 1.5 Fighting
 + Level 3.3 Short Blades
 - Level 1.1 Throwing
 - Level 0.6 Armour
 - Level 3.0 Dodging
 + Level 4.0 Spellcasting
 + Level 5.3 Translocations


You had 8 spell levels left.
You knew the following spells:

 Your Spells              Type           Power        Failure   Level  Hunger
A - Apportation           Tloc           ###.......   1%          1    None
B - Blink                 Tloc           N/A          3%          2    ##.....


Dungeon Overview and Level Annotations

Branches:
Dungeon (3/15)

Altars:
Vehumet


Innate Abilities, Weirdness & Mutations

You are tiny and cannot use many weapons and most armour.
You have supernaturally acute eyesight.
You are a herbivore.
You cover ground extremely quickly.
You need consume almost no food.


Message History

Found a radiant altar of Vehumet.
There is a stone staircase leading up here.
The helpless adder fails to defend itself.
You hit the adder.
The adder is severely wounded.
The adder misses you.
You hit the adder.
You kill the adder!
The kobold shouts!
The kobold zaps a wand.
The magic dart hits you!
It is a wand of magic darts.
Huge Dmg: -36%(-8hp) hp: 64%(14hp)
The kobold zaps a wand.
The magic dart hits you!
* * * LOW HITPOINT WARNING * * *
Huge Dmg: -36%(-8hp) hp: 28%(6hp) Drink which item? (? for menu, Esc to quit)
It was a potion of cancellation.
You feel magically purged.
The giant gecko hisses menacingly. x2
You closely miss the kobold.
The kobold zaps a wand.
The magic dart hits you!
Ouch! That really hurt!
You die...

###### # #....#
... ....#
#...#....#
#........#
#.#._.#..#
#.....K..#
....#..@.#####
#.............#
.####.#l.<...#
#...%....#
###......#
#......#
.......#
........#
###......#


You could see a giant gecko and a kobold.

Vanquished Creatures
  4 adders
  2 giant mites (D:1)
  A worm (D:2)
  2 giant cockroaches
  2 goblins
  4 hobgoblins
  2 kobolds (D:2)
  A quokka (D:2)
  2 ball pythons (D:1)
  4 bats
  3 giant newts
  4 rats
31 creatures vanquished.

Notes
Turn   | Place    | Note
--------------------------------------------------------------
     0 | D:1      | mauris, the Spriggan Warper, began the quest for the Orb.
     0 | D:1      | Reached XP level 1. HP: 10/10 MP: 4/4
    84 | D:1      | Huge Dmg: 3 dmg
    86 | D:1      | Reached XP level 2. HP: 9/14 MP: 8/8
   196 | D:1      | Huge Dmg: 4 dmg
   202 | D:1      | Learned a level 2 spell: Blink
   768 | D:1      | Reached skill level 5 in Translocations
   830 | D:1      | Reached XP level 3. HP: 14/18 MP: 11/11
   991 | D:2      | Huge Dmg: 4 dmg
  1112 | D:2      | Huge Dmg: 5 dmg
  1486 | D:2      | Reached XP level 4. HP: 20/22 MP: 13/15
  1647 | D:3      | Found a radiant altar of Vehumet.
  1650 | D:3      | Huge Dmg: 8 dmg
  1651 | D:3      | Huge Dmg: 8 dmg
  1653 | D:3      | Killed from afar by a kobold

Action                   |  1- 3 |  4- 6 || total
-------------------------+-------+-------++-------
Melee: Short sword       |    93 |     7 ||   100
Throw: Tomahawk          |     4 |       ||     4
       Stone             |    22 |    11 ||    33
  Use: Scroll            |     7 |       ||     7
       Potion            |       |     1 ||     1
 Stab: Sleeping          |     2 |     1 ||     3
       Distracted        |     2 |       ||     2

Vault maps used:
D:1:      eino_arrival_cavern_d, minmay_misc_feat_rows,
          roderic_chinese_pattern_swastika
D:3:      vehumet_altar_wand_db, first_bread, uniq_sigmund, uniq_terence
